 Dungeon Crawl Stone Soup version 0.30-a0-122-g2a1322497e (webtiles) character file.

Game seed: 8765817726362622691

361315 Decritt the Acrobat (level 21, -10/85 HPs)
             Began as a Spriggan Hunter on Sept 16, 2022.
             Was the Champion of Fedhas.
             Killed from afar by a starcursed mass (14 damage)
             ... with an accursed screaming
             ... while paralysed by accursed screaming
             ... on level 3 of the Abyss on Sept 17, 2022.
             The game lasted 04:26:41 (62224 turns).

Decritt the Acrobat (Spriggan Hunter)              Turns: 62224, Time: 04:26:41

Health: -10/85     AC: 15    Str:  3    XL:     21   Next: 15%
Magic:  25/25      EV:  4    Int: 13    God:    Fedhas [******]
Gold:   3738       SH:  0    Dex: 26    Spells: 20/20 levels left

rFire   + + .      SeeInvis +    H - +4 hand crossbow (flame)
rCold   + . .      Faith    .    c - +2 buckler of Depression {rPois rN+ Regen+}
rNeg    + . .      Spirit   .    J - +3 steam dragon scales
rPois   +          Reflect  +    n - +2 hat
rElec   .          Harm     .    o - +2 cloak {rF+}
rCorr   +          Rampage  .    (gloves unavailable)
Will    ++++.                    (boots unavailable)
Stlth   +++++++...               y - amulet of reflection
HPRegen 0.00/turn                W - ring "Erikheum" {rF+ Will- AC+4 Str+4 Dex+3}
MPRegen 0.19/turn                q - ring of Voiniw {rC+ Will++ rCorr Str-4}

@: paralysed, about to teleport, sick, unable to drink, very quick
A: very small, no large weapons, unfitting armour, see invisible, speed 3,
[clumsy 2], [deformed body], [deterioration 2], [frail 3], [low MP 2], [weak 2],
[no potion heal 2], [subdued magic 3], [inability to drink after injury 2]
}: 3/15 runes: barnacled, abyssal, gossamer
a: Renounce Religion, Wall of Briars, Grow Ballistomycete, Overgrow, Grow Oklob


You were on level 3 of the Abyss.
You worshipped Fedhas.
Fedhas was exalted by your worship.
You visited 9 branches of the dungeon, and saw 38 of its levels.
You visited the Abyss 1 time.
You visited 2 bazaars.
You also visited: Bailey, Ice Cave and Volcano.

You collected 5711 gold pieces.
You spent 1973 gold pieces at shops.

Inventory:

Hand Weapons
 H - a +4 hand crossbow of flaming (weapon)
Armour
 c - the +2 buckler of Depression (worn) {rPois rN+ Regen+}
   (You found it on level 1 of the Lair of Beasts)

   rPois:     It protects you from poison.
   rN:        It protects you from negative energy.
   Regen:     It increases your rate of health regeneration.
 n - a +2 hat (worn)
 o - a +2 cloak of fire resistance (worn)
 J - +3 steam dragon scales (worn)
 Q - a scarf of resistance
Jewellery
 q - the ring of Voiniw (right hand) {rC+ Will++ rCorr Str-4}
   (You acquired it on level 4 of the Dungeon)

   [ring of resist corrosion]

   Str:       It affects your strength (-4).
   rC:        It protects you from cold.
   rCorr:     It protects you from acid and corrosion.
   Will:      It greatly increases your willpower.
 y - an amulet of reflection (around neck)
 W - the ring "Erikheum" (left hand) {rF+ Will- AC+4 Str+4 Dex+3}
   (You bought it in a shop on level 2 of the Orcish Mines)

   [ring of protection]

   AC:        It affects your AC (+4).
   Str:       It affects your strength (+4).
   Dex:       It affects your dexterity (+3).
   rF:        It protects you from fire.
   Will:      It decreases your willpower.
Wands
 g - a wand of flame (42)
 s - a wand of mindburst (20)
 z - a wand of polymorph (4)
 B - a wand of paralysis (26)
 M - a wand of acid (10)
 T - a wand of digging (3)
 V - a wand of roots (8)
Scrolls
 b - 6 scrolls of blinking
 e - 8 scrolls of fear
 f - 7 scrolls of butterflies
 k - 10 scrolls of teleportation
 p - 5 scrolls of vulnerability
 w - 4 scrolls of immolation
 x - 3 scrolls of brand weapon
 C - 8 scrolls of poison
 D - 2 scrolls of silence
 G - 3 scrolls of magic mapping
 U - a scroll of summoning
Potions
 h - 6 potions of heal wounds
 t - 9 potions of mutation
 u - 2 potions of cancellation
 v - 4 potions of resistance
 A - 4 potions of flight
 E - 8 potions of curing
 K - 2 potions of magic
 N - 8 potions of haste
 O - 3 potions of invisibility
Miscellaneous
 I - a tin of tremorstones (2/2)
 L - a phantom mirror
 P - a lightning rod (4/4)
 S - a phial of floods


   Skills:
 * Level 17.4 Fighting
 + Level 21.5 Ranged Weapons
 - Level 4.1 Armour
 + Level 21.7 Dodging
 - Level 18.1 Stealth
 - Level 6.7 Shields
 - Level 12.0 Invocations
 - Level 9.1 Evocations


You had 20 spell levels left.
You didn't know any spells.
Your spell library contained the following spells:

 Spells                   Type           Power      Damage    Failure   Level
 Apportation              Tloc           0%         N/A       36%         1
 Freeze                   Ice            0%         1d3       36%         1
 Magic Dart               Conj           0%         1d3       36%         1
 Necrotise                Necr           0%         1d4       36%         1
 Sandblast                Erth           0%         2d4       36%         1
 Sting                    Tmut/Pois      0%         1d3       36%         1
 Summon Small Mammal      Summ           0%         N/A       36%         1
 Blink                    Tloc           0%         N/A       50%         2
 Call Imp                 Summ           0%         N/A       50%         2
 Cigotuvi's Dreadful Rot  Necr/Pois/Air  0%         N/A       50%         2
 Poisonous Vapours        Pois/Air       0%         N/A       50%         2
 Scorch                   Fire           0%         2d5       50%         2
 Call Canine Familiar     Summ           0%         N/A       77%         3
 Frozen Ramparts          Ice            0%         1d1       77%         3
 Gell's Gravitas          Tloc           0%         N/A       77%         3
 Ignite Poison            Fire/Tmut/Pois 0%         N/A       77%         3
 Lesser Beckoning         Tloc           0%         N/A       77%         3
 Mephitic Cloud           Conj/Pois/Air  0%         N/A       77%         3
 Portal Projectile        Hex/Tloc       0%         N/A       77%         3
 Summon Guardian Golem    Hex/Summ       0%         N/A       77%         3
 Teleport Other           Tloc           0%         N/A       77%         3
 Airstrike                Air            0%         2d(0-16)  99%         4
 Anguish                  Hex/Necr       0%         N/A       99%         4
 Animate Dead             Necr           0%         N/A       99%         4
 Cause Fear               Hex            0%         N/A       99%         4
 Dispel Undead            Necr           0%         3d6       99%         4
 Flame Wave               Conj/Fire      0%         2d4       99%         4
 Hailstorm                Conj/Ice       0%         3d3       99%         4
 Leda's Liquefaction      Hex/Erth       0%         N/A       99%         4
 Manifold Assault         Tloc           0%         N/A       99%         4
 Olgreb's Toxic Radiance  Pois           0%         N/A       99%         4
 Sticky Flame             Conj/Fire      0%         2d3       99%         4
 Summon Lightning Spire   Summ/Air       0%         N/A       99%         4
 Agony                    Necr           0%         N/A       100%        5
 Alistair's Intoxication  Tmut/Pois      0%         N/A       100%        5
 Arcjolt                  Conj/Air       0%         1d10      100%        5
 Borgnjor's Vile Clutch   Necr/Erth      0%         N/A       100%        5
 Fireball                 Conj/Fire      0%         3d3       100%        5
 Freezing Cloud           Conj/Ice/Air   0%         6-21      100%        5
 Iskenderun's Battlesphe  Conj           0%         2d6       100%        5
 Lee's Rapid Deconstruct  Erth           0%         3d5*      100%        5
 Lightning Bolt           Conj/Air       0%         1d11      100%        5
 Conjure Ball Lightning   Conj/Air       0%         3x3d6     100%        6
 Death Channel            Necr           0%         N/A       100%        6
 Dispersal                Tloc           0%         N/A       100%        6
 Eringya's Noxious Bog    Tmut/Pois      0%         N/A       100%        6
 Iron Shot                Conj/Erth      0%         9d1       100%        6
 Starburst                Conj/Fire      0%         6d3       100%        6
 Statue Form              Tmut/Erth      0%         N/A       100%        6
 Summon Cactus Giant      Summ           0%         N/A       100%        6
 Haunt                    Necr/Summ      0%         N/A       100%        7
 Orb of Destruction       Conj           0%         9d5       100%        7
 Ozocubu's Refrigeration  Ice            0%         4d7       100%        7
 Spellforged Servitor     Conj/Summ      0%         N/A       100%        7
 Storm Form               Tmut/Air       0%         N/A       100%        7
 Ignition                 Fire           0%         3d3       100%        8
 Infestation              Necr           0%         N/A       100%        8
 Lehudib's Crystal Spear  Conj/Erth      0%         10d2      100%        8
 Death's Door             Necr           0%         N/A       100%        9


Dungeon Overview and Level Annotations

Branches:
Dungeon (15/15)            Temple (1/1) D:6            Lair (5/5) D:9
 Shoals (4/4) Lair:2       Spider (4/4) Lair:2        Slime (0/5) Lair:4
    Orc (2/2) D:11            Elf (3/3) Orc:2        Vaults (3/5) D:13
  Crypt (0/3) Vaults:2     Depths (1/4) D:15         Bailey (visited)
  IceCv (visited)         Volcano (visited)

Altars:
Ashenzari
Cheibriados
Dithmenos
Elyvilon
Fedhas
Gozag
Hepliaklqana
Kikubaaqudgha
Makhleb
Nemelex Xobeh
Okawaru
Qazlal
Ru
Sif Muna
Trog
Uskayaw
Vehumet
Wu Jian
Xom
Yredelemnul
Zin
The Shining One

Shops:
D:4 *   D:7 (   D:11 [   D:13 =   Orc:2 =*[(   Elf:1 =

Portals:
Trove: Depths:1 (give +6 ring of slaying)

Annotations:
D:8 2 transporters
D:9 mage


Innate Abilities, Weirdness & Mutations

You are very small and have problems with some larger weapons.
You are too small for most types of armour.
You have supernaturally acute eyesight. (SInv)
You cover ground extremely quickly. (Speed+++)
[You are very clumsy. (Dex -4)]
[Armour fits poorly on your strangely shaped body.]
[Your body often deteriorates upon taking damage.]
[You are extremely frail. (-30% HP)]
[Your magical capacity is very low. (-20% MP)]
[You are very weak. (Str -4)]
[Potions cannot restore your health.]
[Your spells are much easier to cast, but much less powerful.]
[You sometimes lose the ability to drink potions when taking damage.]


Message History

The bolt hits the wretched star.
The wretched star is lightly damaged.
A starcursed mass splits.
As you read the scroll of teleportation, it crumbles to dust.
You feel strangely unstable.
You feel the power of the Abyss delaying your translocation!
A deafening chorus of shrieks assaults your mind!
You feel threatened and lose the ability to drink potions!
* * * LOW HITPOINT WARNING * * *
You suddenly lose the ability to move!
You can move again.
The wretched star pulses with an eldritch light!
You feel less energetic. x2
Your briar patch twists and deforms.
The starcursed mass is struck by your briar patch's thorns.
The starcursed mass touches your briar patch but does no damage.
The starcursed mass shudders and is absorbed by its neighbour.
Your briar patch looks sick. x2
The wretched star pulses with an eldritch light!
Your connection to magic feels nearly dormant.
Your briar patch twists and deforms. x3
The starcursed mass touches your briar patch but does no damage.
A cacophony of accursed wailing tears at your sanity!
* * * LOW HITPOINT WARNING * * *
A starcursed mass splits. x2
The wretched star pulses with an eldritch light!
You feel yourself wasting away.
You feel your body start to fall apart.
Your briar patch twists and deforms. x3
A cacophony of accursed wailing tears at your sanity!
* * * LOW HITPOINT WARNING * * *
You suddenly lose the ability to move!
The starcursed mass touches your briar patch.
A starcursed mass splits. x2
The starcursed mass touches your briar patch!
The starcursed mass touches your briar patch but does no damage.
The starcursed mass touches your briar patch!
A starcursed mass splits.
A cacophony of accursed wailing tears at your sanity!
You die...
Fedhas appreciates your contribution to the ecosystem.

### #..## #
#....XX#### +#
.X.XX*P@# #
##.<.##XXXPP# #
##x#...X.XX##XX#
#... XX #XX.. #XX#
####X.#... ....#
#...## .....#..#
#...x#.XX....##..#
#...## .X.##.....#
## # ##.... .. #


You could see 16 starcursed masses, a wretched star (ally target) and a large
abomination.

Vanquished Creatures
  Arachne (Spider:2)
  3 deep elf blademasters (Elf:2)
  4 deep elf master archers (Elf:3)
  2 krakens (Shoals:3)
  A tentacled starspawn (Abyss:3)
  A tengu reaver (Vaults:3)
  2 sphinxes
  Kirke (Lair:3)
  Donald (Vaults:2)
  Roxanne (Shoals:4)
  4 deep elf sorcerers (Elf:3)
  Ilsuiw (Shoals:2)
  3 emperor scorpions
  9 vault wardens
  Louise (Elf:2)
  4 ghost moths
  4 orc warlords
  2 deep elf elementalists
  The ghost of twist the Geomancer, a journeyman OpTm of Gozag (Orc:2)
  14 ironbound preservers
  A juggernaut skeleton (D:15)
  4 ironbound thunderhulks
  A caustic shrike skeleton (D:15)
  A stone giant (Vaults:3)
  2 very ugly things (Vaults:1)
  2 deep elf annihilators (Elf:3)
  6 deep elf demonologists
  4 entropy weavers
  3 spark wasps
  7 dire elephants
  Snorg (Lair:4)
  6 deep elf death magi
  3 ettins
  4 merfolk javelineers
  2 crystal guardians (Vaults:3)
  A fire dragon (Lair:5)
  8 merfolk impalers
  4 yaktaur captains
  2 deep elf high priests (Elf:3)
  A peacekeeper (Vaults:3)
  2 great orbs of eyes
  Fannar (D:9)
  3 vault guards
  5 catoblepae
  3 hydras
  3 jorogumos
  7 ironbound frosthearts
  13 centaur warriors
  2 radroaches
  A death knight (D:14)
  6 merfolk aquamancers
  9 boulder beetles
  2 merfolk avatars
  5 alligator snapping turtles
  3 two-headed ogres
  38 dancing weapons
  A tengu warrior (D:15)
  A vampire mage (Vaults:2)
  A satyr (Shoals:3)
  17 death yaks
  A spriggan berserker (Depths:1)
  4 orc high priests (Orc:2)
  Sonja (D:11)
  26 deep elf knights
  Urug (Lair:3)
  2 skeletal warriors (D:15)
  A spatial maelstrom (Abyss:3)
  3 pharaoh ants
  A spark wasp zombie (D:15)
  42 deep trolls
  A golden dragon zombie (D:15)
  19 sea snakes
  13 lindwurms
  A glowing orange brain (Vaults:3)
  7 steelbarb worms
  14 deep elf archers
  A phantasmal warrior (D:14)
  2 necromancers
  9 orb spiders
  8 ironbound convokers
  A wizard (Depths:1)
  26 deep elf zephyrmancers
  36 harpies
  43 deep elf pyromancers
  18 wolf spiders
  5 orc knights
  6 ugly things
  5 orc sorcerers
  2 fauns (Shoals:3)
  18 manticores
  9 moths of wrath
  11 cyclopes
  13 elephants
  5 black mambas
  3 torpor snails
  11 merfolk sirens
  10 vault sentinels
  3 water nymphs
  2 unseen horrors
  5 cane toads
  12 komodo dragons
  7 demonic crawlers
  3 molten gargoyles (Lair:5)
  3 gargoyles
  21 yaktaurs
  A kobold demonologist (D:12)
  6 rime drakes
  A tengu conjurer (D:15)
  An efreet (D:13)
  2 yaktaur skeletons (Vaults:1)
  An ice devil (IceCv)
  6 trolls
  17 merfolk
  A tarantella (shapeshifter) (D:15)
  2 trolls (shapeshifter)
  2 hornets
  4 polar bears
  29 slime creatures
  8 wind drakes
  8 snapping turtles
  14 tarantellas
  11 dream sheep
  3 blink frogs (Lair:3)
  14 culicivoras
  Sigmund (D:5)
  7 air elementals
  A centaur simulacrum (D:14)
  15 water elementals
  3 shadows
  36 jumping spiders
  3 wraiths
  3 vampires (Vaults:2)
  6 fire elementals
  54 redbacks
  An elf skeleton (Vaults:1)
  2 hogs (Lair:3)
  4 wyverns
  29 yaks
  A yaktaur simulacrum (Vaults:1)
  3 steam dragons
  A death yak simulacrum (IceCv)
  7 basilisks
  4 vampire mosquitoes
  4 wargs
  5 acid dragons
  13 water moccasins
  10 hell hounds
  2 black bears (D:7)
  52 orc warriors
  3 ice beasts
  A tengu (shapeshifter) (D:14)
  13 centaurs
  8 ogres
  8 wolves
  5 boggarts
  2 phantoms
  A gnoll sergeant (D:9)
  7 kobold brigands
  An earth elemental (Elf:1)
  15 bullfrogs
  A necrophage (D:4)
  A two-headed ogre simulacrum (IceCv)
  8 scorpions
  4 wights
  20 killer bees
  8 howler monkeys
  6 electric eels
  5 lava snakes (Lair:5)
  2 jellies (D:5)
  A hound (D:6)
  2 gnoll boudas
  An iguana (D:7)
  27 orc priests
  Natasha (thrice) (D:2)
  50 orc wizards
  7 hell rats (Lair:3)
  A polar bear simulacrum (IceCv)
  Robin (D:2)
  A naga simulacrum (IceCv)
  6 gnolls
  5 adders
  2 shadow imps
  4 white imps
  An ufetubus (IceCv)
  A dart slug (D:3)
  118 orcs
  5 ball pythons
  7 endoplasms
  6 giant cockroaches
  13 goblins
  13 hobgoblins
  4 jackals (D:1)
  6 quokkas
  6 bats
  3 frilled lizards
  25 kobolds
  6 rats
  4 tentacles (Shoals:3)
1527 creatures vanquished.

Vanquished Creatures (collateral kills)
  A centaur warrior (D:13)
  A dream sheep (Shoals:4)
  3 vampire mosquitoes (D:13)
  A redback (Spider:3)
  A warg (Orc:2)
  3 orc warriors
  An orc wizard (Orc:2)
  A gnoll (Bailey)
  6 orcs
18 creatures vanquished.

Vanquished Creatures (others)
  Asterion (Lair:2)
  A deep elf knight (Elf:1)
  2 manticores
  A shadow (D:13)
  49 fungi
  74 plants
  2 starspawn tentacles (Abyss:3)
  17 tentacles (Shoals:3)
  7 withered plants (D:15)
154 creatures vanquished.

Grand Total: 1699 creatures vanquished

Notes
Turn   | Place    | Note
-------+----------+-------------------------------------------
     0 | D:1      | Decritt the Spriggan Hunter began the quest for the Orb.
     0 | D:1      | Reached XP level 1. HP: 10/10 MP: 2/2
   299 | D:1      | Reached XP level 2. HP: 13/15 MP: 3/3
  1252 | D:2      | Reached XP level 3. HP: 18/18 MP: 4/4
  1255 | D:2      | Noticed Robin
  1260 | D:2      | Killed Robin
  1446 | D:2      | Noticed Natasha
  1455 | D:2      | Killed Natasha
  1456 | D:2      | Reached XP level 4. HP: 9/23 MP: 5/5
  1483 | D:2      | Noticed Natasha
  1488 | D:2      | Killed Natasha
  1602 | D:2      | Noticed Natasha
  1609 | D:2      | Killed Natasha
  1831 | D:2      | Found a faded altar of an unknown god.
  1913 | D:2      | Reached XP level 5. HP: 27/27 MP: 6/6
  2763 | D:3      | Got Gacowub's Quarto of Entrancing Hypothermia
  2869 | D:3      | Found a basalt altar of Yredelemnul.
  2869 | D:3      | Found a stormy altar of Qazlal.
  3134 | D:4      | Identified a scroll of acquirement
  3134 | D:4      | Acquired the ring of Voiniw {rC+ Will++ rCorr Str-4}
  3192 | D:4      | Reached skill level 5 in Ranged Weapons
  3274 | D:4      | Reached skill level 5 in Dodging
  3286 | D:4      | Found Bigarur's Serpentskin Sales.
  3286 | D:4      | Noticed a water moccasin
  3517 | D:3      | Killed a water moccasin
  3518 | D:3      | Reached XP level 6. HP: 32/32 MP: 7/7
  3894 | D:4      | Found a shimmering altar of Xom.
  3953 | D:4      | Found a blossoming altar of Fedhas.
  4045 | D:5      | Entered Level 5 of the Dungeon
  4085 | D:4      | Became a worshipper of Fedhas Madash
  4376 | D:5      | Noticed Sigmund
  4403 | D:5      | Killed Sigmund
  4404 | D:5      | Reached XP level 7. HP: 30/37 MP: 8/8
  4546 | D:5      | Reached skill level 5 in Stealth
  4875 | D:5      | Reached skill level 1 in Invocations
  4875 | D:5      | Reached XP level 8. HP: 42/42 MP: 9/9
  5455 | D:6      | Reached * piety under Fedhas
  5493 | D:6      | Found a runed translucent door.
  6051 | D:6      | Found a staircase to the Ecumenical Temple.
  6064 | Temple   | Entered the Ecumenical Temple
  6177 | D:6      | Noticed a gargoyle
  6225 | D:6      | Reached skill level 5 in Fighting
  6376 | D:6      | Killed a gargoyle
  6377 | D:6      | Reached XP level 9. HP: 37/47 MP: 11/11
  6797 | D:6      | Reached ** piety under Fedhas
  7019 | D:7      | Found a flagged portal.
  7045 | Bailey   | Entered a bailey
  7416 | Bailey   | Noticed an orc knight
  7438 | Bailey   | Reached *** piety under Fedhas
  7497 | D:7      | Killed an orc knight
  7949 | D:7      | Reached skill level 10 in Dodging
  8070 | D:7      | Found Nacide's Antique Weapon Shoppe.
  8302 | D:7      | Reached XP level 10. HP: 53/53 MP: 13/13
  8530 | D:7      | Found a shimmering blue altar of Sif Muna.
  9341 | D:8      | Found a transporter.
  9345 | D:8      | Found a transporter.
  9346 | D:8      | Identified the +5 sling of Cheibriados's Grace {freeze,
                  | MP+9}
  9494 | D:8      | Found a transporter.
  9532 | D:8      | Found an opulent altar of Gozag.
  9835 | D:8      | Reached **** piety under Fedhas
  9959 | D:8      | Found a transporter.
 11041 | D:9      | Noticed a two-headed ogre
 11096 | D:9      | Killed a two-headed ogre
 11206 | D:9      | Found a staircase to the Lair.
 11477 | D:9      | Reached ***** piety under Fedhas
 11593 | D:9      | Reached skill level 10 in Stealth
 11705 | D:9      | Reached skill level 10 in Ranged Weapons
 11866 | D:9      | Reached XP level 11. HP: 47/58 MP: 15/15
 12292 | D:10     | Entered Level 10 of the Dungeon
 12524 | D:10     | Noticed a two-headed ogre
 12526 | D:10     | Noticed Fannar
 12560 | D:9      | Killed a two-headed ogre
 13747 | D:10     | Found a shadowy altar of Dithmenos.
 14075 | D:10     | Reached skill level 5 in Invocations
 14623 | D:10     | Found an iron altar of Okawaru.
 14923 | Lair:1   | Entered Level 1 of the Lair of Beasts
 15911 | Lair:1   | Identified the +2 buckler of Depression {rPois rN+ Regen+}
 16153 | Lair:1   | Noticed a death yak
 16159 | Lair:1   | Noticed a death yak
 16262 | Lair:1   | Killed a death yak
 16269 | Lair:1   | Noticed a death yak
 16270 | Lair:1   | Noticed a death yak
 16270 | Lair:1   | Noticed a death yak
 16384 | Lair:1   | Killed a death yak
 16435 | Lair:1   | Killed a death yak
 16472 | Lair:1   | Killed a death yak
 16498 | Lair:1   | Killed a death yak
 16499 | Lair:1   | Reached XP level 12. HP: 64/64 MP: 17/17
 16750 | Lair:2   | Noticed a boulder beetle
 16800 | Lair:2   | HP: 1/64 [boulder beetle (20)]
 17223 | Lair:2   | Found a staircase to the Shoals.
 17779 | Lair:2   | Found a hole to the Spider Nest.
 18138 | Lair:1   | Killed a boulder beetle
 18371 | Lair:3   | Found a frozen archway.
 18386 | IceCv    | Entered an ice cave
 19657 | Lair:3   | Noticed Kirke
 19661 | Lair:3   | Noticed Urug
 19682 | Lair:3   | Killed Kirke
 19713 | Lair:3   | Killed Urug
 19867 | Lair:3   | Noticed an eight-headed hydra
 20461 | Lair:4   | Found a staircase to the Slime Pits.
 20927 | Lair:3   | Killed an eight-headed hydra
 21472 | Lair:4   | Noticed an eight-headed hydra
 21482 | Lair:4   | Killed an eight-headed hydra
 21809 | Lair:4   | Reached XP level 13. HP: 70/70 MP: 18/18
 22136 | Lair:4   | Reached skill level 10 in Fighting
 22423 | Lair:4   | Noticed Snorg
 22438 | Lair:4   | Killed Snorg
 22630 | Lair:5   | Entered Level 5 of the Lair of Beasts
 22676 | Lair:4   | Reached ****** piety under Fedhas
 23437 | Lair:5   | Reached skill level 1 in Armour
 23792 | Lair:5   | Identified the +4 dire flail "Deceot" {vorpal, rC+ MP+9
                  | Int+4 Dex+4}
 25004 | Lair:5   | Found a large runed translucent door.
 25004 | Lair:5   | Found a large runed translucent door.
 25011 | Lair:5   | Noticed a fire dragon
 25240 | Lair:5   | Killed a fire dragon
 25272 | Lair:5   | Reached XP level 14. HP: 79/79 MP: 19/19
 25722 | Lair:5   | Reached skill level 15 in Ranged Weapons
 27048 | D:11     | Found Gupuinn's Armour Shoppe.
 27048 | D:11     | Found a staircase to the Orcish Mines.
 27796 | D:12     | Noticed Sonja
 27903 | D:11     | Killed Sonja
 29772 | D:13     | Found a gate to the Vaults.
 29772 | D:13     | Noticed an ironbound preserver
 29884 | D:12     | Killed an ironbound preserver
 30500 | D:13     | Found Razxumololl's One-of-a-Kind Rings.
 30622 | Orc:1    | Entered Level 1 of the Orcish Mines
 31485 | Orc:1    | Noticed an orc warlord
 31584 | D:11     | Killed an orc warlord
 31585 | D:11     | Reached skill level 15 in Dodging
 31814 | Orc:2    | Entered Level 2 of the Orcish Mines
 31814 | Orc:2    | Noticed an orc warlord
 32063 | Orc:1    | Killed an orc warlord
 32200 | Orc:2    | Found a runed translucent door.
 32205 | Orc:2    | Noticed twist's ghost (journeyman OpTm)
 32296 | Orc:2    | Found a dark tunnel.
 32305 | Volcano  | Entered a volcano
 32426 | Volcano  | Reached XP level 15. HP: 64/84 MP: 21/21
 32761 | Orc:2    | Killed twist's ghost
 32910 | Orc:2    | Reached skill level 1 in Shields
 33638 | Orc:2    | Found Zucreru's Antique Armour Shop.
 33639 | Orc:2    | Found Teopn's Antique Weapon Shop.
 33641 | Orc:2    | Found Epo Weov's General Store.
 33641 | Orc:2    | Found Raelurac's Jewellery Boutique.
 33674 | Orc:2    | Bought a potion of heal wounds for 70 gold pieces
 33941 | Orc:2    | Found a staircase to the Elven Halls.
 34162 | D:11     | Bought +1 steam dragon scales for 658 gold pieces
 34252 | Elf:1    | Entered Level 1 of the Elven Halls
 34508 | D:9      | Found a staircase to the Lair.
 34650 | D:9      | Killed Fannar
 35144 | Elf:1    | Found Ewyel's Jewellery Emporium.
 35436 | Elf:1    | Reached skill level 5 in Shields
 36542 | Elf:2    | Reached XP level 16. HP: 75/89 MP: 22/22
 36726 | Elf:2    | Found a runed translucent door.
 37148 | Elf:2    | Noticed Louise
 37154 | Elf:2    | Killed Louise
 37497 | Elf:2    | Found a runed translucent gate.
 37498 | Elf:2    | Found a runed translucent gate.
 37498 | Elf:2    | Found a runed translucent gate.
 38828 | Elf:2    | Noticed a deep elf blademaster
 38897 | Elf:2    | Killed a deep elf blademaster
 39146 | Elf:3    | Entered Level 3 of the Elven Halls
 39292 | Elf:3    | Noticed a deep elf blademaster
 39445 | Elf:2    | Killed a deep elf blademaster
 39504 | Elf:3    | Found a flickering gateway to a bazaar.
 39513 | Bazaar   | Entered a bazaar
 39640 | Bazaar   | Found Reil's Book Shoppe.
 39640 | Bazaar   | Found Onka's Book Emporium.
 39662 | Bazaar   | Found Nuth's General Store.
 39662 | Bazaar   | Found Hanomeut's Assorted Antiques.
 39684 | Bazaar   | Found Moceclor's Antique Armour Shoppe.
 39684 | Bazaar   | Found Rorauph's Jewellery Emporium.
 39727 | Bazaar   | Bought a scroll of blinking for 195 gold pieces
 39733 | Bazaar   | Bought a scroll of enchant armour for 82 gold pieces
 39825 | Elf:3    | Reached XP level 17. HP: 71/95 MP: 24/24
 39882 | Elf:3    | Noticed a Brimstone Fiend
 39882 | Elf:3    | Noticed a Tzitzimitl
 40124 | Elf:3    | Noticed a deep elf master archer
 40129 | Elf:3    | Killed a deep elf master archer
 40170 | Elf:3    | Reached skill level 1 in Evocations
 40205 | Elf:3    | Noticed a deep elf blademaster
 40269 | Elf:2    | Killed a deep elf blademaster
 40359 | Elf:3    | Reached skill level 15 in Stealth
 40365 | Elf:3    | Noticed a deep elf master archer
 40368 | Elf:3    | Noticed a deep elf master archer
 40681 | Elf:3    | Killed a deep elf master archer
 41150 | Elf:3    | Noticed a Tzitzimitl
 41158 | Elf:3    | Killed a deep elf master archer
 41180 | Elf:3    | Identified the ring "Mogyt" {Fire rPois}
 41191 | Elf:3    | Identified the +7 short sword of Fortitude {flame, Int+3}
 41210 | Elf:3    | Noticed a deep elf master archer
 41216 | Elf:3    | Killed a deep elf master archer
 41224 | Elf:3    | Identified the +6 flail "Teane" {flame, rF- rN+ rCorr
                  | Int+7}
 41496 | Elf:3    | Identified the +5 mace of the Teaching Queen {vorpal, rElec
                  | rC+++ Int-2 Dex-5}
 41517 | Elf:3    | Got the Catalogue of the Undead
 42533 | Spider:1 | Entered Level 1 of the Spider Nest
 42541 | Spider:1 | Noticed Asterion
 42639 | Lair:2   | Killed Asterion
 44629 | Spider:2 | Reached skill level 5 in Evocations
 44651 | Spider:2 | Noticed Arachne
 44685 | Spider:2 | Killed Arachne
 45039 | Spider:3 | Reached XP level 18. HP: 102/102 MP: 26/26
 45074 | Spider:3 | Identified the +1 robe "Piostrun" {rElec Will+ Str-2
                  | Stlth+}
 45559 | Spider:2 | Reached skill level 10 in Invocations
 45831 | Spider:3 | HP: 5/102 [disintegration (72)]
 46168 | Spider:4 | Entered Level 4 of the Spider Nest
 46359 | Spider:4 | Identified the +7 mace "Xoreramn" {speed, Fragile Str+3
                  | Dex+4}
 49293 | Spider:4 | Got a gossamer rune of Zot
 49460 | Shoals:1 | Entered Level 1 of the Shoals
 50047 | Shoals:1 | Found Nelyod's Self-Improvement Boutique.
 51312 | Shoals:2 | Noticed Ilsuiw
 51321 | Shoals:2 | Killed Ilsuiw
 51347 | Shoals:2 | Reached XP level 19. HP: 107/107 MP: 28/28
 52126 | Shoals:4 | Entered Level 4 of the Shoals
 52134 | Shoals:4 | Reached skill level 15 in Fighting
 52567 | Shoals:4 | Identified the +4 chain mail of Insurance {*Corrode Str+2
                  | Dex+4}
 52686 | Shoals:4 | Identified Roxanne's Vademecum on the Mountains
 52686 | Shoals:4 | Noticed Roxanne
 52702 | Shoals:4 | Killed Roxanne
 53480 | Shoals:4 | Got a barnacled rune of Zot
 53792 | Shoals:4 | Identified the amulet of the Well-Known Souls {Faith rC-
                  | rCorr Str+8}
 54123 | Orc:2    | Bought the ring "Erikheum" {rF+ Will- AC+4 Str+4 Dex+3} for
                  | 968 gold pieces
 55047 | D:15     | Entered Level 15 of the Dungeon
 55282 | D:15     | Found a staircase to the Depths.
 55927 | D:15     | Identified the ring "Liygoq" {rCorr Slay+4}
 56066 | Depths:1 | Entered Level 1 of the Depths
 56257 | Depths:1 | Found a portal to a secret trove of treasure.
 56616 | Vaults:1 | Entered Level 1 of the Vaults
 57046 | Vaults:1 | Reached XP level 20. HP: 114/114 MP: 29/29
 58420 | Vaults:2 | Noticed Donald
 58430 | Vaults:2 | Killed Donald
 59749 | Vaults:2 | Found a staircase to the Crypt.
 60228 | Vaults:3 | Found a flickering gateway to a bazaar.
 60238 | Bazaar   | Entered a bazaar
 60238 | Bazaar   | Found Subotsuk's Magic Scroll Shoppe.
 60238 | Bazaar   | Found Papuudeov's Weapon Emporium.
 60240 | Bazaar   | Found Feomozy's Armour Emporium.
 60256 | Bazaar   | Found Huntiwn's Book Shoppe.
 61709 | Vaults:3 | Reached XP level 21. HP: 121/121 MP: 31/31
 61739 | Vaults:3 | Identified the +6 arbalest "Fixim" {penet, Fragile rC+++
                  | rCorr Int+3}
 61929 | Vaults:3 | Acquired 1073 gold pieces
 62166 | Abyss:3  | Cast into level 3 of the Abyss (vault warden)
 62207 | Abyss:3  | Paralysed by accursed screaming for 1 turns
 62216 | Abyss:3  | Got an abyssal rune of Zot
 62219 | Abyss:3  | Paralysed by accursed screaming for 1 turns
 62223 | Abyss:3  | HP: 4/85 [starcursed mass/accursed screaming (24)]
 62223 | Abyss:3  | Paralysed by accursed screaming for 2 turns
 62224 | Abyss:3  | Killed from afar by a starcursed mass

Illustrated notes

Levels and vault maps discovered:
D:1:      matt_arrival_grand_opening, layout_basic
D:2:      layout_basic, ebering_ecumenical_altar_webs, uniq_natasha, uniq_robin
D:3:      minmay_evil_eye, layout_rooms, nicolae_overflow_two_pavilions
D:4:      layout_loops_cross, xom_teletrap_fun, fedhas_altar_3,
          serial_bayou_pond_d, nrook_uturn, guppyfry_shop_venom
D:5:      layout_rooms, uniq_sigmund
D:6:      minmay_clustersquares, layout_basic, minmay_temple_entry_ruins,
          lightli_church_of_beogh
D:7:      layout_loops_corners, tgw_sif, enter_bailey_4, serial_shops,
          nicolae_shop_window_shopping
D:8:      layout_cave_pools, grunt_gozag_breadcrumbs, nicolae_diode_intersection
D:9:      layout_loops_ring, grunt_lair_entry_orc_guard_hut,
          kennysheep_kite_vault
D:10:     layout_loops_cross, nicolae_dithmenos_the_darkroom,
          okawaru_gym_becter, uniq_fannar
D:11:     layout_long_grid, orc_david_3, minmay_misc_feat_alley
D:12:     layout_cave_pods, uniq_sonja
D:13:     layout_rooms, skrybe_vaults_entry_preservation,
          nicolae_shop_unique_rings, minmay_misc_feat_tiny
D:14:     layout_long_grid, infiniplex_staircase_star,
          minmay_fractal_squares_gapless_5
D:15:     gammafunk_depths_entry_grave, layout_irregular_city,
          corexii_hall_statues_u, kennysheep_inner_square
Temple:   jpeg_temple_clearing
Lair:1:   layout_chaotic_city, infiniplex_staircase_pool
Lair:2:   layout_chaotic_city, minmay_shoals_entry_beasts,
          nicolae_spider_entry_non_spiders
Lair:3:   layout_cellular_growth, portal_ice_cave_entry_pillars_2, uniq_urug,
          uniq_kirke
Lair:4:   layout_cave_pods, slime_entry_1, infiniplex_staircase_pool_2,
          lemuel_fruit_tree, grunt_megastairs_1, uniq_snorg
Lair:5:   cheibrodos_lair_end_hotspot, layout_regular_city,
          cheibrodos_lair_lostbears, serial_bayou_shore_b
Shoals:1: layout_shoals, nicolae_shop_self_help
Shoals:2: layout_shoals, nicolae_shoals_hunting_party, uniq_ilsuiw
Shoals:3: layout_shoals, nicolae_shoals_loop_pool
Shoals:4: shoals_end_simple, layout_shoals, uniq_roxanne
Spider:1: layout_spider_delve, hellmonk_deceptive_appearances,
          hangedman_spider_tarantella_strand, uniq_asterion
Spider:2: layout_spider_delve, uniq_arachne
Spider:3: layout_spider_delve, drop_trap, hellmonk_motheaten_closet
Spider:4: grunt_spider_rune_parallel, hangedman_stitches_earthworm
Orc:1:    layout_diamond_mine
Orc:2:    st_orc_congregation, layout_caves, ebering_ghost_reflecting_pool,
          nicolae_volcano_entry_lava_flow
Elf:1:    eino_elf_arrival_sip, layout_geoelf_grid, serial_shops,
          shop_fountains, minivault_28, hex_intersection
Elf:2:    nicolae_elf_blades_crystal_corner, layout_loops_corners,
          library_closet, hex_medium, nicolae_danse_macabre, uniq_louise
Elf:3:    minmay_elf_hall_circle, layout_loops_cross, serial_shops, freezing_bzr
Vaults:1: vaults_dpeg_doors, nicolae_vaults_border_crossing,
          ontoclasm_vaults_eye, vaults_dpeg_cross, st_spiral_rooms, v_misc_10,
          vaults_room_octagon, grunt_vaults_funnel, vaults_dpeg_ring,
          layout_vaults_maze_snakey
Vaults:2: minmay_crypt_entry_vampire_xt, nicolae_vaults_network_star,
          vaults_room_door_ring, grunt_vaults_swirl, vaults_dpeg_encased_lava,
          v_rooms_1, v_misc_11, hangedman_vaults_hat, vaults_room_corners,
          layout_vaults_ring, uniq_donald
Vaults:3: grunt_vaults_bifocal, v_rooms_3, nicolae_vaults_ring_of_whatevers,
          st_octagons_1, v_misc_23, serial_ice_g, v_pattern_4,
          nicolae_vaults_yaktaur_gun_rack, vaults_dpeg_diagonal, v_misc_15,
          v_alt_pattern_3, layout_vaults_omnigrid, serial_shops, bzr_entry_islet
Depths:1: layout_basic, nicolae_hell_entry_big_baal_hell, enter_trove_0,
          special_room [special_room_mythical_zoo], ebering_ghost_inner_flame,
          kennysheep_another_room, roderic_malta_cross, guppyfry_shop_earth
Abyss:3:  base: Elf:2, evilmike_abyss_exit_5, nicolae_abyss_rune_star_stuff

Skill      XL: |  1  2  3  4  5  6  7  8  9 10 11 12 13 14 15 16 17 18 19 20 |
---------------+-------------------------------------------------------------+-----
Dodging        | 3 4 5 6 8 10 11 12 13 14 15 16 17 18 20 21 | 21.7
Stealth        | 2 3 4 5 6 8 10 12 13 14 15 17 18 | 18.1
Fighting       | 2 3 4 5 6 7 8 9 11 12 13 14 15 17 | 17.4
Ranged Weapons | 5 6 7 8 10 11 13 14 15 17 18 19 20 21 | 21.5
Invocations    | 1 2 3 4 6 7 8 9 10 11 12 | 12.0
Armour         | 2 4 |  4.1
Shields        | 5 6 |  6.7
Evocations     | 5 7 9 |  9.1

Action                   |  1- 3 |  4- 6 |  7- 9 | 10-12 | 13-15 | 16-18 | 19-21 || total
-------------------------+-------+-------+-------+-------+-------+-------+-------++-------
 Fire: Shortbow          |    93 |   145 |   364 |  1039 |  1504 |       |       ||  3145
       Sling             |       |       |       |    98 |       |       |       ||    98
       Hand crossbow     |       |       |       |       |   550 |  1542 |  1378 ||  3470
       Arbalest          |       |       |       |       |       |       |    60 ||    60
Invok: Wall of Briars    |       |       |     2 |     4 |     5 |    14 |     7 ||    32
       Grow Ballistomyce |       |       |       |     1 |       |     2 |       ||     3
       Overgrow          |       |       |       |       |     2 |       |       ||     2
       Grow Oklob        |       |       |       |       |       |     1 |     3 ||     4
Evoke: Wand              |       |       |       |       |     1 |     2 |     1 ||     4
  Use: Scroll            |       |    12 |     6 |    15 |     9 |    10 |     6 ||    58
       Potion            |       |       |       |     2 |     1 |       |     3 ||     6
Armor: Robe              |     1 |       |       |       |       |       |       ||     1
       Animal skin       |       |     4 |     2 |    28 |    10 |       |       ||    44
       Troll leather arm |       |       |       |       |    33 |       |       ||    33
       Steam dragon scal |       |       |       |       |     7 |    81 |    54 ||   142
Dodge: Dodged            |    33 |    27 |    56 |   294 |   603 |   939 |   821 ||  2773
       Repelled          |       |       |       |     3 |     2 |       |       ||     5
Block: Other             |       |       |     1 |    71 |    97 |       |     1 ||   170
       Reflection        |       |       |     1 |     9 |    47 |    62 |    74 ||   193
       Buckler           |       |       |       |       |   128 |   878 |   700 ||  1706

Table legend: (Time is in decaauts)
 A = Elapsed time spent in this place.
 B = Non-inter-level travel time spent in this place.
 C = Inter-level travel time spent in this place.
 D = Time resting spent in this place.
 E = Time spent auto-exploring this place.
 F = Levels seen in this place.
 G = Mean time per level.
                   A        B        C        D        E       F      G
               +--------+--------+--------+--------+--------+-----+--------+
         Total |  50364 |  48900 |   1464 |  20030 |  15172 |  44 | 1144.6 |
       Dungeon |  17733 |  17156 |    577 |   6303 |   6655 |  15 | 1182.2 |
        Temple |     52 |     41 |     11 |      0 |     33 |   1 |   52.0 |
          Lair |   8689 |   8370 |    319 |   3516 |   2456 |   5 | 1737.8 |
        Shoals |   3580 |   3469 |    111 |   1035 |   1458 |   4 |  895.0 |
   Spider Nest |   5802 |   5696 |    106 |   3229 |   1194 |   4 | 1450.5 |
  Orcish Mines |   2102 |   1953 |    149 |    328 |    646 |   2 | 1051.0 |
   Elven Halls |   5867 |   5769 |     98 |   2650 |   1284 |   3 | 1955.7 |
        Vaults |   4677 |   4588 |     89 |   2000 |   1271 |   3 | 1559.0 |
        Depths |    197 |    197 |      0 |     20 |     81 |   1 |  197.0 |
         Abyss |     49 |     49 |      0 |      0 |      0 |   1 |   49.0 |
        Bazaar |    234 |    234 |      0 |    113 |     83 |   2 |  117.0 |
        Bailey |    372 |    372 |      0 |    233 |      6 |   1 |  372.0 |
      Ice Cave |    711 |    711 |      0 |    562 |      0 |   1 |  711.0 |
       Volcano |    294 |    294 |      0 |     38 |      1 |   1 |  294.0 |
               +--------+--------+--------+--------+--------+-----+--------+

Top non-repeatable levels by time:
   Elf:2: 3303 daAuts
Spider:4: 2988 daAuts
     D:9: 2935 daAuts
     D:8: 2290 daAuts
  Lair:5: 2176 daAuts
  Lair:4: 1938 daAuts
Vaults:3: 1804 daAuts
  Lair:3: 1759 daAuts
Vaults:1: 1694 daAuts
    D:11: 1594 daAuts
  Lair:1: 1431 daAuts
  Lair:2: 1382 daAuts
   Orc:2: 1331 daAuts
   Elf:3: 1314 daAuts
   Elf:1: 1248 daAuts
